 Dungeon Crawl Stone Soup version 0.20.1-1-g8b1a95d (webtiles) character file.

1577 tidbits the Fighter (level 8, -1/68 (69) HPs)
             Began as a Demonspawn Summoner on Aug 18, 2017.
             Was a Follower of Uskayaw.
             Slain by Overlord's ghost (28 damage)
             ... on level 9 of the Dungeon.
             The game lasted 00:35:23 (3092 turns).

tidbits the Fighter (Demonspawn Summoner)           Turns: 3092, Time: 00:35:24

HP:   -1/68 (69)    AC:  7    Str: 18    XL:     8   Next: 60%
MP:   0/11          EV: 11    Int: 22    God:    Uskayaw [*.....]
Gold: 127           SH:  0    Dex: 15    Spells: 2/12 levels left

rFire    x . .     SeeInvis +   a - +1 whip (elec)
rCold    . . .     Gourm    .   (no shield)
rNeg     . . .     Faith    .   B - +0 ring mail
rPois    .         Spirit   .   (helmet unavailable)
rElec    .         Reflect  .   C - +0 cloak
rCorr    .         Harm     .   G - +0 pair of gloves
MR       +....                  (no boots)
Stlth    ++........             (no amulet)
Regen    0.3/turn               H - ring of protection from magic
MPRegen  0.2/turn               d - ring "Muemidar" {rF- Str+8 Int+6 Stlth+}

@: no status effects
A: antennae 3, demonic guardian 1, powered by death 1
a: Stomp, Renounce Religion


You were on level 9 of the Dungeon.
You worshipped Uskayaw.
Uskayaw was noncommittal.
You were not hungry.

You visited 1 branch of the dungeon, and saw 9 of its levels.

You collected 422 gold pieces.
You spent 295 gold pieces at shops.

Inventory:

Hand Weapons
 a - a +1 whip of electrocution (weapon)
   (You bought it in a shop on level 7 of the Dungeon)
 g - a +0 whip
 l - a +0 war axe
 x - a +0 shortbow
 F - a +0 rapier
 K - a +0 short sword
Missiles
 e - 176 arrows
 h - 10 tomahawks (quivered)
 n - 2 throwing nets {!f}
Armour
 f - a +0 robe
 B - a +0 ring mail (worn)
 C - a +0 cloak (worn)
 G - a +0 pair of gloves (worn)
Jewellery
 d - the ring "Muemidar" (right hand) {rF- Str+8 Int+6 Stlth+}
   (You found it on level 5 of the Dungeon)

   [ring of stealth]

   It affects your strength (+8).
   It affects your intelligence (+6).
   It makes you vulnerable to fire.
   It makes you more stealthy.
 H - a ring of protection from magic (left hand)
   (You found it on level 3 of the Dungeon)
Wands
 k - a wand of lightning (4/15)
 q - a wand of digging (11/24)
Scrolls
 j - a scroll of magic mapping {unknown}
 o - 4 scrolls of teleportation
 p - a scroll of enchant armour {unknown}
 r - a scroll of remove curse
 w - a scroll of identify {unknown}
 y - 2 scrolls of noise
 A - a scroll of blinking {unknown}
 E - a scroll of fog {unknown}
 J - a scroll of enchant weapon {unknown}
Potions
 i - a potion of brilliance
 t - 2 potions of agility {unknown}
 v - a potion of haste {unknown}
 z - a potion of invisibility {unknown}
 D - a potion of curing {unknown}
 I - 2 potions of mutation {unknown}
Books
 b - a book of Callings

   Spells                             Type                      Level
   a - Summon Small Mammal            Summoning                    1
   b - Call Imp                       Summoning                    2
   c - Call Canine Familiar           Summoning                    3
   d - Summon Guardian Golem          Hexes/Summoning              3
   e - Summon Lightning Spire         Summoning/Air                4
   f - Summon Ice Beast               Ice/Summoning                4
 u - a book of Necromancy
   (You found it on level 6 of the Dungeon)

   Spells                             Type                      Level
   a - Pain                           Necromancy                   1
   b - Animate Skeleton               Necromancy                   1
   c - Vampiric Draining              Necromancy                   3
   d - Regeneration                   Charms/Necromancy            3
   e - Animate Dead                   Necromancy                   4
   f - Control Undead                 Necromancy                   4
Comestibles
 c - 8 bread rations
 m - 3 meat rations
 s - 5 chunks of flesh


   Skills:
 + Level 8.5 Fighting
 - Level 1.7 Dodging
 - Level 1.7 Stealth
 - Level 2.5 Spellcasting
 - Level 3.4 Charms
 - Level 4.6 Summonings
 - Level 4.4 Necromancy


You had 2 spell levels left.
You knew the following spells:

 Your Spells              Type           Power        Failure   Level  Hunger
c - Call Canine Familiar  Summ           ###.....     11%         3    ###....
i - Call Imp              Summ           ###.....     5%          2    ##.....
n - Animate Skeleton      Necr           N/A          3%          1    None
r - Regeneration          Chrm/Necr      ###.......   14%         3    ###....
z - Summon Small Mammal   Summ           ###.         3%          1    None


Dungeon Overview and Level Annotations

Branches:
Dungeon (9/15)
 Temple: D:4-7         Lair: D:8-11         Orc: D:9-12

Altars:
Dithmenos
Ru
Trog
Uskayaw
Vehumet
The Shining One

Shops:
D:6 (   D:7 (

Annotations:
D:8 manyhoops's ghost, novice HOBe
D:9 Overlord's ghost, novice MiBe


Innate Abilities, Weirdness & Mutations

You have a pair of large antennae on your head. (SInv)
A weak demonic guardian rushes to your aid.
You regenerate a little health from kills.


Message History

There is a stone staircase leading up here.
A hound comes into view. 2 orcs and an orc warrior come into view.
An orc is wielding a dagger of draining.
You see here 13 gold pieces.
You now have 127 gold pieces (gained 13).
The hound barks!
Casting: Call Canine Familiar
Confirm with . or Enter, or press ? or * to list all spells.
Casting: Call Canine Familiar
Confirm with . or Enter, or press ? or * to list all spells.
A beastly little devil appears in a puff of flame.
You hit the hound.
The hound is moderately wounded.
The hound bites you but does no damage.
Your hound bites the hound.
The hound closely misses you.
Your hound bites the hound.
You hit the hound.
The hound is severely wounded.
The hound barely misses you.
Your hound bites the hound.
The hound barely misses your hound.
You hit the hound but do no damage.
The hound is almost dead.
Your hound barely misses the hound.
The hound bites you but does no damage.
You completely miss the hound.
The hound is almost dead.
The hound completely misses you.
Your hound bites the hound.
The hound dies!
You swap places.
You swap places.
Some of the chunks of flesh in your inventory have rotted away.
Overlord's ghost (novice Minotaur Berserker) comes into view.
It is wielding an antimagic weapon.
You see here a hound corpse.
Casting: Call Imp
Confirm with . or Enter, or press ? or * to list all spells.
You attempt to give life to the dead...
Before your eyes, flesh is ripped from the corpse!
The dead are walking!
Your crimson imp blinks!
You see here 3 chunks of flesh.
Unknown command.
s - 5 chunks of flesh (gained 3)
Okay, then.
Okay, then.
Casting: Animate Skeleton
Confirm with . or Enter, or press ? or * to list all spells.
A beastly little devil appears in a puff of frigid air.
What are your orders? t - Shout!
Orders for allies: a - Attack new target. r - Retreat! s - Stop attacking. g - Guard the area. f - Follow me.
Anything else - Cancel.
Gang up on whom?
Press: ? - help, Dir - move target cursor, f - Overlord's ghost
Aim: Overlord's ghost, wielding an antimagic weapon Attack!
Your hound skeleton bites Overlord's ghost.
Your hound skeleton closely misses Overlord's ghost.
Your shadow imp barely misses Overlord's ghost.
Overlord's ghost hits your shadow imp!
Your shadow imp dies!
Your crimson imp barely misses Overlord's ghost.
Your hound skeleton closely misses Overlord's ghost.
Your hound misses Overlord's ghost.
Your hound skeleton bites Overlord's ghost but does no damage.
Overlord's ghost barely misses you.
There is a stone staircase leading up here.
You hit Overlord's ghost but do no damage.
Overlord's ghost is lightly damaged.
Your hound bites Overlord's ghost but does no damage.
Your hound skeleton closely misses Overlord's ghost.
Your crimson imp hits Overlord's ghost but does no damage.
Overlord's ghost hits you!!
You feel your power leaking away.
Your hound bites Overlord's ghost.
Your white imp hits Overlord's ghost but does no damage.
Unknown command.
You hit Overlord's ghost but do no damage.
Overlord's ghost is lightly damaged.
Your crimson imp disappears in a puff of smoke!
Your hound bites Overlord's ghost but does no damage.
Your hound skeleton bites Overlord's ghost but does no damage.
Overlord's ghost hits you.
Your hound skeleton closely misses Overlord's ghost.
Your hound bites Overlord's ghost but does no damage.
Your white imp hits Overlord's ghost but does no damage.
You hit Overlord's ghost but do no damage.
Overlord's ghost is lightly damaged.
Your hound bites Overlord's ghost but does no damage.
Overlord's ghost hits you!
* * * LOW HITPOINT WARNING * * *
Your hound skeleton bites Overlord's ghost but does no damage.
Your white imp misses Overlord's ghost.
You hit Overlord's ghost but do no damage.
Lightning courses through Overlord's ghost!
Overlord's ghost is moderately damaged.
Your hound bites Overlord's ghost but does no damage.
Your hound skeleton barely misses Overlord's ghost.
Overlord's ghost hits you!!
You die...

.....##.h# o.....#..#
o...8....# o........#
##..###############+#
#....................
.####...5.5..............
........Wh.....###........
........Z@.....# #........
...#####.####### #+####+##
.. #.# # #.# #.+ #.# ..#
#.


You could see Overlord's ghost, a friendly hound, 2 friendly white imps and a
friendly hound skeleton.

Vanquished Creatures
  The ghost of Agrougrou the Cudgeler, a novice OgMo of Okawaru (D:6)
  An orc warrior (D:7)
  An ogre (D:7)
  A centaur (D:6)
  An orc wizard (D:6)
  A worker ant (D:4)
  3 adders
  An ooze (D:7)
  2 dart slugs
  A leopard gecko (D:4)
  3 orcs
  2 giant cockroaches
  A goblin (D:1)
  2 hobgoblins
  3 jackals (D:1)
  2 quokkas
  A ball python (D:4)
  A bat (D:1)
  A frilled lizard (D:3)
  3 kobolds (D:2)
  A leopard gecko zombie (D:6)
  A quokka skeleton (D:4)
  2 rats
36 creatures vanquished.

Vanquished Creatures (collateral kills)
  A spriggan (D:7)
  A hungry ghost (D:7)
  A sky beast (D:6)
  A necrophage (D:6)
  2 ogres (D:4)
  2 centaurs
  4 bullfrogs
  A scorpion (D:6)
  A water moccasin skeleton (D:4)
  A howler monkey (D:8)
  A crimson imp (D:7)
  2 bullfrog zombies
  A jelly (D:6)
  An orc priest (D:8)
  An orc wizard (D:8)
  A bullfrog skeleton (D:7)
  5 hounds
  2 worker ants
  2 hound skeletons
  2 adders
  4 worms
  A dart slug (D:3)
  6 orcs
  2 bats (D:1)
  A giant cockroach (D:4)
  A goblin (D:1)
  6 hobgoblins
  4 jackals
  4 kobolds
  2 quokkas
  A ball python (D:5)
  A frilled lizard (D:1)
  A rat (D:1)
67 creatures vanquished.

Grand Total: 103 creatures vanquished

Notes
Turn   | Place    | Note
-------+----------+-------------------------------------------
     0 | D:1      | tidbits the Demonspawn Summoner began the quest for the Orb.
     0 | D:1      | Reached XP level 1. HP: 13/13 MP: 3/3
   336 | D:1      | Gained mutation: You regenerate a little health from kills. [demonic ancestry]
   336 | D:1      | Reached XP level 2. HP: 12/19 MP: 1/5
   487 | D:1      | Learned a level 2 spell: Call Imp
   615 | D:2      | Reached XP level 3. HP: 22/24 MP: 3/6
   620 | D:2      | Learned a level 3 spell: Call Canine Familiar
   668 | D:2      | Reached skill level 1 in Fighting
   908 | D:4      | Reached skill level 2 in Fighting
   908 | D:4      | Gained mutation: A weak demonic guardian rushes to your aid. [demonic ancestry]
   908 | D:4      | Reached XP level 4. HP: 18/34 MP: 0/7
   990 | D:4      | Reached skill level 3 in Fighting
  1033 | D:4      | HP: 3/35 [poisoned by a worker ant]
  1306 | D:4      | Noticed an ogre
  1312 | D:4      | Killed an ogre
  1312 | D:4      | Reached skill level 4 in Fighting
  1312 | D:4      | Gained mutation: You have a pair of small antennae on your head. [demonic ancestry]
  1312 | D:4      | Reached XP level 5. HP: 39/42 MP: 2/8
  1416 | D:4      | Noticed an ogre
  1427 | D:4      | Killed an ogre
  1614 | D:4      | Reached skill level 5 in Fighting
  1614 | D:4      | Gained mutation: You have a pair of antennae on your head. [demonic ancestry]
  1614 | D:4      | Reached XP level 6. HP: 33/51 MP: 5/9
  1638 | D:5      | Entered Level 5 of the Dungeon
  1641 | D:5      | Got a scorched amber ring
  1642 | D:5      | Identified the ring "Muemidar" {rF- Str+8 Int+6 Stlth+} (You found it on level 5 of the Dungeon)
  1693 | D:4      | Found a shadowy altar of Dithmenos.
  1693 | D:4      | Found a sacrificial altar of Ru.
  1693 | D:4      | Found a radiant altar of Vehumet.
  1693 | D:4      | Found a bloodstained altar of Trog.
  1796 | D:6      | Learned a level 1 spell: Animate Skeleton
  1800 | D:6      | Learned a level 3 spell: Regeneration
  2004 | D:6      | Found Agoronia's Weapon Boutique.
  2014 | D:6      | Bought 2 throwing nets for 84 gold pieces
  2030 | D:6      | Reached skill level 1 in Necromancy
  2105 | D:6      | Reached skill level 1 in Charms
  2133 | D:6      | Noticed Agrougrou's ghost (novice OgMo)
  2137 | D:7      | Noticed an orc warrior
  2149 | D:6      | Reached skill level 2 in Necromancy
  2229 | D:6      | Killed Agrougrou's ghost
  2229 | D:6      | Reached skill level 3 in Charms
  2229 | D:6      | Reached skill level 3 in Necromancy
  2229 | D:6      | Reached XP level 7. HP: 44/57 MP: 3/10
  2237 | D:6      | Reached skill level 4 in Necromancy
  2341 | D:7      | Found a hide-covered altar of Uskayaw.
  2344 | D:7      | Became a worshipper of Uskayaw the Reveler
  2384 | D:7      | Reached * piety under Uskayaw
  2389 | D:7      | Reached skill level 6 in Fighting
  2448 | D:7      | Gained mutation: You have a pair of large antennae on your head. (SInv) [demonic ancestry]
  2448 | D:7      | Reached XP level 8. HP: 27/64 MP: 8/11
  2543 | D:7      | Reached skill level 7 in Fighting
  2620 | D:8      | Noticed manyhoops's ghost (novice HOBe)
  2665 | D:7      | Found a glowing golden altar of the Shining One.
  2850 | D:7      | Reached skill level 8 in Fighting
  2850 | D:7      | Reached ** piety under Uskayaw
  3013 | D:7      | Found Plog's Weapon Emporium.
  3021 | D:7      | Bought a +1 whip of electrocution for 211 gold pieces
  3083 | D:9      | Noticed Overlord's ghost (novice MiBe)
  3092 | D:9      | Slain by Overlord's ghost

Skill      XL: |  1  2  3  4  5  6  7  8 |
---------------+-------------------------+-----
Fighting       | 2 4 5 6 8 |  8.5
Necromancy     | 3 4 |  4.4
Charms         | 3 |  3.4
Dodging        | |  1.7
Stealth        | |  1.7
Spellcasting   | |  2.5
Summonings     | |  4.6

Action                   |  1- 3 |  4- 6 |  7- 9 || total
-------------------------+-------+-------+-------++-------
Melee: Short sword       |    81 |    84 |    50 ||   215
       Whip              |     7 |       |     8 ||    15
       Unarmed           |     4 |       |       ||     4
       Rapier            |       |       |    24 ||    24
Throw: Tomahawk          |     2 |       |       ||     2
 Cast: Summon Small Mamm |    29 |     8 |     3 ||    40
       Call Imp          |     6 |     6 |    10 ||    22
       Call Canine Famil |     5 |    16 |    13 ||    34
       Animate Skeleton  |       |     2 |     6 ||     8
       Regeneration      |       |       |     1 ||     1
Evoke: Wand              |       |     1 |     1 ||     2
  Use: Potion            |       |     1 |       ||     1
       Scroll            |       |     1 |     2 ||     3
 Stab: Sleeping          |     2 |     2 |       ||     4
       Distracted        |       |     2 |     3 ||     5
  Eat: Chunk             |     1 |     6 |     6 ||    13
Armor: Robe              |    16 |     3 |       ||    19
       Ring mail         |       |    28 |    23 ||    51
Dodge: Dodged            |    71 |    55 |    38 ||   164

Table legend:
 A = Turns spent in this place as a percentage of turns spent in the entire game.
 B = Non-inter-level travel turns spent in this place as a percentage of non-inter-level travel turns spent in the entire game.
 C = Inter-level travel turns spent in this place as a percentage of turns spent in this place.
 D = Turns resting spent in this place as a percentage of non-inter-level travel turns spent in this place.
 E = Turns spent auto-exploring this place as a percentage of non-inter-level travel turns spent in this place.
 F = Non-inter-level travel turns spent in this place divided by the number of levels of this place that you've seen.
                   A       B       C       D       E      F
               +-------+-------+-------+-------+-------+----------------------
         Total | 100.0 | 100.0 |   0.2 |   0.0 |   0.0 | 326.2
       Dungeon | 100.0 | 100.0 |   0.2 |   0.0 |   0.0 | 326.2
               +-------+-------+-------+-------+-------+----------------------

Table legend:
 A = Kills in this place as a percentage of kills in entire the game.
 B = Kills by you in this place as a percentage of kills by you in the entire game.
 C = Kills by friends in this place as a percentage of kills by friends in the entire game.
 D = Other kills in this place as a percentage of other kills in the entire game.
 E = Experience gained in this place as a percentage of experience gained in the entire game.
 F = Experience gained in this place divided by the number of levels of this place that you have seen.
                   A       B       C       D       E      F
               +-------+-------+-------+-------+-------+----------------------
         Total | 100.0 | 100.0 | 100.0 |  -nan | 100.0 | 250.4
       Dungeon | 100.0 | 100.0 | 100.0 |  -nan | 100.0 | 250.4
               +-------+-------+-------+-------+-------+----------------------

Vault maps used:
D:1:      dpeg_arrival_solitude, minmay_split_cup_small
D:2:      old_standard_altar
D:3:      first_bread
D:4:      nicolae_overflow_hidden_temple, cheibrodos_sewer_entry_bend
D:5:      minmay_temple_entry_trees
D:6:      nicolae_overflow_crystal_walls, serial_shops, shop
D:7:      kennysheep_mini_moat, lemuel_doored_altar, serial_shops,
          nicolae_shop_waterfront, the_bakery
D:9:      minmay_sliced_demisemicircle, minitemple, david_orc_2,
          kennysheep_generic_room_15
